 Dungeon Crawl Stone Soup version 0.30.1-11-g7821555f0a (webtiles) character file.

Game seed: 17808831103059383398

680457 Vivialdi the Conqueror (level 27, -13/275 HPs)
             Began as a Minotaur Berserker on Nov 14, 2023.
             Was a High Priest of Trog.
             Killed from afar by a balrug (16 damage)
             ... with a bolt of fire
             ... on level 15 of a ziggurat.
             The game lasted 05:49:44 (84998 turns).

Vivialdi the Conqueror (Minotaur Berserker)        Turns: 84998, Time: 05:49:45

Health: -13/275    AC: 54    Str: 37    XL:     27
Magic:  17/22      EV: 18    Int: 11    God:    Trog [*****.]
Gold:   8806       SH: 36    Dex: 17    Spells: 26/26 levels left

rFire   + . .        X - +16 obsidian axe {drain, demonic, Mesm Drain Fly SInv}
rCold   + . .        h - +8 tower shield
rNeg    + . .        Z - +12 gold dragon scales of Perfidy {rElec rPois rF+ rC+ Int+7 Dex+5}
rPois   +            t - +2 hat of Damp Salvation {Rampage}
rElec   +            p - scarf {repulsion}
rCorr   +            U - +0 pair of fencer's gloves {Riposte Dex+3}
SInv    +            i - +5 pair of boots of Monotheism {rPois}
Will    ++++.        R - amulet "Lilist" {Acrobat rElec Slay+5 Stlth-} Stlth
                     a - ring of Wiluntif {rN+ rCorr Slay+3}
HPRegen 1.65/turn    J - ring of the Octopus King {Wiz HP+2 AC+2 EV+2 SH+2}
MPRegen 0.18/turn

%: repel missiles, acrobat, clarity, rampage, wizardry (x1)
@: lethally poisoned (-13 -> -13), weakened, strong-willed, on berserk cooldown,
flying, mesmerised, regenerating, slowed, studying Unarmed Combat, very slow
A: horns 2, retaliatory headbutt, iridescent scales 1, clarity
}: 4/15 runes: decaying, slimy, silver, gossamer
a: Renounce Religion, Berserk, Trog's Hand, Brothers in Arms


You were on level 15 of a ziggurat.
You worshipped Trog.
Trog was extremely pleased with you.
You visited 10 branches of the dungeon, and saw 50 of its levels.
You visited the Abyss 2 times.
You visited 1 ziggurat, and saw 15 of its levels.
You also visited: Trove, Ice Cave and Wizlab.

You collected 10154 gold pieces.
You spent 1348 gold pieces at shops.

Inventory:

Hand Weapons
 q - the +9 war axe of Honour {antimagic, rElec rPois rF+ SInv}
   (You found it on level 4 of the Dungeon)

   rF:        It protects you from fire.
   rElec:     It insulates you from electricity.
   rPois:     It protects you from poison.
   SInv:      It lets you see invisible.
 X - the +16 obsidian axe (weapon) {drain, demonic, Mesm Drain Fly SInv}
   (Trog gifted it to you on level 4 of the Spider Nest)

   Mesm:      Its wielder is mesmerised by any visible foes, and it cannot be
   unequipped while any foes are visible.
   SInv:      It lets you see invisible.
   Fly:       It grants you flight.
   Drain:     It drains your maximum health when unequipped.
Armour
 d - the +1 hat "Eciaserpho" {+Blink rPois Dex+3}
   (You found it on level 1 of the Lair of Beasts)

   Dex:       It affects your dexterity (+3).
   rPois:     It protects you from poison.
   +Blink:    It lets you blink.
 g - the +0 pair of boots "Miut" {rF+++ rC+++ Str-5 SInv}
   (You found it on level 12 of a ziggurat)

   Str:       It affects your strength (-5).
   rF:        It renders you almost immune to fire.
   rC:        It renders you almost immune to cold.
   SInv:      It lets you see invisible.
 h - a +8 tower shield (worn)
 i - the +5 pair of boots of Monotheism (worn) {rPois}
   (You found it on level 5 of the Pits of Slime)

   rPois:     It protects you from poison.
 p - a scarf of repulsion (worn)
 t - the +2 hat of Damp Salvation (worn) {Rampage}
   (You found it on level 4 of the Spider Nest)

   Rampage:   It bestows one free step when moving towards enemies.
 w - the +15 Maxwell's patent armour {-Cast -Tele rElec Will+ rCorr}
   (You found it on level 2 of the Lair of Beasts)

   rElec:     It insulates you from electricity.
   -Cast:     It prevents spellcasting.
   -Tele:     It prevents most forms of teleportation.
   rCorr:     It protects you from acid and corrosion.
   Will:      It increases your willpower.
 T - a +7 tower shield of reflection
 U - the +0 pair of fencer's gloves (worn) {Riposte Dex+3}
   (You found it on level 3 of the Spider Nest)

   Riposte:   It allows the wearer to riposte with melee weapons, swiftly
   retaliating against missed or blocked melee attacks.
   Dex:       It affects your dexterity (+3).
 Z - the +12 gold dragon scales of Perfidy (worn) {rElec rPois rF+ rC+ Int+7 Dex+5}
   (You found it on level 3 of the Elven Halls)

   Int:       It affects your intelligence (+7).
   Dex:       It affects your dexterity (+5).
   rF:        It protects you from fire.
   rC:        It protects you from cold.
   rElec:     It insulates you from electricity.
   rPois:     It protects you from poison.
Jewellery
 a - the ring of Wiluntif (left hand) {rN+ rCorr Slay+3}
   (You found it on level 3 of the Crypt)

   [ring of positive energy]

   Slay:      It affects your accuracy & damage with ranged weapons and melee
   (+3).
   rN:        It protects you from negative energy.
   rCorr:     It protects you from acid and corrosion.
 m - the ring of Zyirphoe {rF+ Will+ AC+4}
   (You took it off a wizard on level 3 of the Depths)

   [ring of protection]

   AC:        It affects your AC (+4).
   rF:        It protects you from fire.
   Will:      It increases your willpower.
 r - the ring of the Lobster {rElec rN+ rCorr Str-2 Dex+3}
   (You found it on level 3 of the Crypt)

   [ring of positive energy]

   Str:       It affects your strength (-2).
   Dex:       It affects your dexterity (+3).
   rElec:     It insulates you from electricity.
   rN:        It protects you from negative energy.
   rCorr:     It protects you from acid and corrosion.
 J - a ring of the Octopus King (right hand) {Wiz HP+2 AC+2 EV+2 SH+2}
   (You took it off a deep elf pyromancer on level 3 of the Elven Halls)

   [ring of wizardry]

   It improves your spell success rate.
   AC:        It affects your AC (+2).
   EV:        It affects your evasion (+2).
   HP:        It affects your health (+2).
   SH:        It affects your SH (+2).
 L - the ring of Puenolof {rElec Str+6}
   (You found it on level 3 of the Spider Nest)

   [ring of strength]

   Str:       It affects your strength (+6).
   rElec:     It insulates you from electricity.
 R - the amulet "Lilist" (around neck) {Acrobat rElec Slay+5 Stlth-}
   (You found it in an ice cave)

   [amulet of the acrobat]

   It increases your evasion while moving and waiting.
   Slay:      It affects your accuracy & damage with ranged weapons and melee
   (+5).
   rElec:     It insulates you from electricity.
   Stlth:     It makes you less stealthy.
Wands
 b - a wand of polymorph (42)
 v - a wand of mindburst (19)
 y - a wand of flame (19)
 C - a wand of iceblast (122)
 N - a wand of paralysis (73)
 S - a wand of digging (21)
 V - a wand of acid (80)
Scrolls
 e - 19 scrolls of enchant weapon
 f - 19 scrolls of teleportation
 s - 5 scrolls of poison
 z - 3 scrolls of silence
 B - 8 scrolls of fog
 D - 4 scrolls of fear
 E - 16 scrolls of magic mapping
 G - 13 scrolls of immolation
 I - 10 scrolls of blinking
 P - 4 scrolls of butterflies
 Y - 8 scrolls of brand weapon
Potions
 j - 2 potions of might
 l - 4 potions of heal wounds (quivered)
 n - a potion of resistance
 o - 11 potions of haste
 u - 33 potions of curing
 H - 8 potions of ambrosia
 M - 4 potions of invisibility
 O - 4 potions of lignification
 Q - 2 potions of mutation
 W - 4 potions of cancellation
Miscellaneous
 c - a lightning rod (4/4)
 k - a tin of tremorstones (2/2)
 x - a phial of floods
 A - a box of beasts
 F - a phantom mirror


   Skills:
 O Level 27 Fighting
 O Level 27 Axes
 O Level 27 Armour
 * Level 15.1 Dodging
 - Level 0.8 Stealth
 O Level 27 Shields
 * Level 18.0 Evocations


You had 26 spell levels left.
You didn't know any spells.
Your spell library was empty.

Dungeon Overview and Level Annotations

Branches:
Dungeon (15/15)            Temple (0/1) D:4            Lair (5/5) D:11
  Swamp (4/4) Lair:3       Spider (4/4) Lair:3        Slime (5/5) Lair:4
    Orc (2/2) D:12            Elf (3/3) Orc:2        Vaults (5/5) D:13
  Crypt (3/3) Vaults:3       Tomb (0/3) Crypt:3      Depths (4/4) D:15
    Zot (0/5) Depths:4      IceCv (visited)          WizLab (visited)

Altars:
Ashenzari
Cheibriados
Dithmenos
Elyvilon
Fedhas
Hepliaklqana
Kikubaaqudgha
Makhleb
Okawaru
Qazlal
Ru
Trog
Uskayaw
Wu Jian
Xom
Yredelemnul
The Shining One
Jiyva
Lugonu

Shops:
D:6 =   Orc:2 (?**   Elf:1 *[?   Elf:2 (:==   Vaults:5 ?!!!??(=[

Portals:
Hell: Depths:1 Depths:2 Depths:3 Depths:4
Abyss: Depths:2 Depths:3
Pandemonium: Depths:2 Depths:4


Innate Abilities, Weirdness & Mutations

You have a pair of horns on your head.
You reflexively headbutt those who attack you in melee.
You are partially covered in iridescent scales. (AC +2)
You possess an exceptional clarity of mind.


Message History

You block the hellephant's attack.
You riposte.
You slice the hellephant!! You headbutt the hellephant.
The hellephant is severely wounded.
You hit the balrug. You hit the searing wretch. You slice the balrug!!
You block the hellephant's attack. The hellephant gores you.
* * * LOW HITPOINT WARNING * * *
Your hellwing hits the hell knight! Your hellwing hits the hell knight.
The balrug closely misses you. You furiously retaliate!
You headbutt the balrug.
The salamander tyrant closely misses your hellwing.
The balrug hits you but does no damage.
You are poisoned.
Your neqoxec hits the hellephant. You completely miss the balrug.
The balrug is lightly wounded.
You slash the searing wretch! You hit the balrug. You hit the hellephant.
You slice the hellion!!
Visions of slaying the hellephant flood into your mind.
You feel sick.
The hell knight prays to its god.
The hell knight blinks!
The fire giant casts a spell at you.
The bolt of fire hits the balrug.
The balrug completely resists.
The bolt of fire hits the searing wretch.
The searing wretch completely resists.
The bolt of fire hits you! You resist.
* * * LOW HITPOINT WARNING * * *
You block the hellephant's attack. x3; You riposte.
You barely miss the hellephant. Your headbutt misses the hellephant.
The hellephant is almost dead.
You slash the balrug! You closely miss the balrug. You slice the hellion!!
You kill the hellion!
Trog accepts your kill. The balrug hits you but does no damage.
Your hellwing hits the salamander tyrant. x2
The salamander tyrant dies!
Trog accepts your kill.
Trog appreciates your killing of a magic user.
The balrug gestures at you. The bolt of fire hits you! You resist.
You die...

▓▓▓▓▓▓▓▓▓▓▓▓
▓▓...........
▓▓............
▓▓.....§.......
▓▓..............
▓▓.......2..C....
▓▓......3Y@..2....
▓.∩......).2nY....
▓▓........)p.4....
▓▓..........§....
▓▓..............
▓▓.............
▓▓............
▓▓...........
▓▓▓▓▓▓▓▓▓▓▓▓


You could see 2 hellephants, a searing wretch (distracted), a fire giant, 3
balrugs, a hell knight (fast, distracted, ally target), a friendly hellwing
(summoned) and a friendly neqoxec (summoned).

Vanquished Creatures
  the Royal Jelly (Slime:5)
  2 ancient liches
  Mara (Vaults:4)
  A dread lich (Vaults:5)
  Mennas (Vaults:3)
  A royal mummy (Zig:6)
  Bai Suzhen (Depths:1)
  The ghost of Kabe the Fencer, a veteran BaIE of Cheibriados (Depths:1)
  2 shard shrikes (Depths:3)
  A caustic shrike (Zig:8)
  3 pandemonium lords
  A curse toe (Crypt:3)
  4 golden dragons
  Jory (Depths:2)
  A bone dragon (Abyss:6)
  A Brimstone Fiend (Zig:12)
  9 tentacled monstrosities
  An iron giant (Zig:8)
  9 Hell Sentinels
  3 hellephants
  Mlioglotl (Spider:2)
  3 liches
  Zenata (Elf:2)
  3 Ice Fiends
  A deep elf master archer (Elf:3)
  4 searing wretches (Zig:15)
  3 quicksilver dragons
  A deep elf blademaster (Elf:3)
  9 titans
  21 ancient champions
  8 sphinxes
  18 acid blobs
  8 tentacled starspawn
  2 Executioners (Abyss:6)
  Gastronok (D:8)
  5 storm dragons
  2 thorn hunters
  7 tengu reavers
  Kirke (Spider:1)
  A draconian monk (Depths:4)
  13 rockslimes
  11 azure jellies
  2 quicksilver elementals (Zig:8)
  5 shadow dragons
  A nagaraja (Zig:3)
  A fenstrider witch (Swamp:4)
  4 revenants
  A demonspawn warmonger (Zig:12)
  A daeva (Abyss:6)
  8 fire giants
  8 frost giants
  A caustic shrike zombie (Crypt:1)
  5 iron dragons
  10 emperor scorpions
  2 deep elf sorcerers
  4 curse skulls
  17 ghost moths
  A draconian knight (Abyss:5)
  Louise (Spider:1)
  11 ghouls
  A draconian shifter (Zig:1)
  16 vault wardens
  An angel (Abyss:5)
  8 balrugs
  A cacodemon (Zig:12)
  A demonspawn corrupter (Zig:11)
  A demonspawn blood saint (Zig:12)
  An orc warlord (Vaults:2)
  4 reapers
  2 juggernaut zombies
  13 quicksilver oozes
  5 deep elf elementalists (Elf:3)
  20 ironbound preservers
  4 broodmothers
  3 spriggan defenders
  8 ironbound thunderhulks
  6 war gargoyles
  16 stone giants
  A draconian annihilator (Depths:4)
  18 very ugly things
  The ghost of middlethird the Basher, a journeyman VSMo of Cheibriados (Swamp:3)
  6 eleionomae
  7 vampire knights
  2 demonspawn black suns
  2 red draconians (Depths:4)
  2 purple draconians (Depths:4)
  3 lorocyprocas
  Nessos (D:12)
  9 deep elf demonologists
  8 dire elephants
  6 bunyips
  2 yellow draconians (Depths:4)
  2 grey draconians (Depths:4)
  9 spark wasps
  3 deep elf annihilators
  A mummy priest (Zig:6)
  15 eidola
  6 deep elf death magi
  9 ettins
  4 crystal guardians
  9 great orbs of eyes
  3 shambling mangroves
  5 fire dragons
  17 entropy weavers
  2 deep elf high priests (Vaults:5)
  A merfolk javelineer (Depths:2)
  7 jiangshi
  2 quicksilver dragon skeletons
  Harold (D:11)
  A rakshasa (Depths:1)
  2 spriggan zombies
  10 yaktaur captains
  A salamander tyrant (Zig:15)
  15 hydras
  5 ice dragons
  An anaconda (shapeshifter) (Vaults:5)
  Erolcha (D:9)
  A ghost crab (Swamp:4)
  2 peacekeepers
  21 vault guards (Vaults:5)
  3 spriggan skeletons
  6 radroaches
  5 spriggan air magi
  2 catoblepae (Depths:1)
  8 ironbound frosthearts
  4 death knights
  8 boulder beetles
  2 hell beasts
  26 dancing weapons
  3 two-headed ogres
  7 tengu warriors
  11 alligators
  3 jorogumos
  16 centaur warriors
  7 death yaks
  An Orb Guardian skeleton (Crypt:3)
  7 deep troll shamans
  5 deep troll earth magi
  9 hell hogs
  Urug (D:13)
  A death scarab (Zig:6)
  16 thrashing horrors
  9 hell knights
  4 vampire magi
  An orc high priest (Abyss:3)
  10 sun demons
  A titan zombie (Crypt:3)
  Sonja (Lair:3)
  10 deep elf knights
  4 wretched stars
  2 sixfirhies
  A fire crab (Lair:1)
  4 soul eaters
  4 iron trolls (Depths:2)
  4 sun moths
  40 skeletal warriors
  3 spatial maelstroms
  10 pharaoh ants
  A titan skeleton (Crypt:2)
  12 shadow wraiths
  A crystal echidna (Zig:8)
  11 orb spiders
  A storm dragon skeleton (Crypt:1)
  8 flayed ghosts
  4 glowing orange brains
  2 goliath frogs
  7 spriggan druids
  2 anaconda zombies
  7 shadow demons
  67 deep trolls
  18 ironbound convokers
  13 swamp dragons
  9 deep elf archers
  5 wizards
  18 phantasmal warriors
  A swamp dragon (shapeshifter) (Depths:1)
  A bunyip skeleton (Crypt:3)
  3 obsidian statues
  8 steelbarb worms
  13 bog bodies
  14 lindwurms
  2 naga ritualists (Zig:3)
  7 necromancers
  An anaconda skeleton (Crypt:2)
  21 deep elf pyromancers
  11 deep elf zephyrmancers
  23 large abominations
  34 starcursed masses
  An orc sorcerer (Orc:1)
  A mana viper (Abyss:3)
  6 orc knights
  26 wolf spiders
  40 ugly things
  7 shining eyes
  10 moths of wrath
  2 draconians (Abyss:5)
  A manticore (D:15)
  3 cyclopes (D:15)
  A shock serpent zombie (Crypt:2)
  Maurice (D:9)
  A faun (shapeshifter) (Abyss:6)
  8 elephants
  3 worldbinders
  9 vault sentinels
  Joseph (D:10)
  A stone giant skeleton (Vaults:5)
  15 demonic crawlers
  6 black mambas
  A rust devil (Depths:2)
  A storm dragon simulacrum (Depths:2)
  6 eyes of devastation
  7 torpor snails
  3 ice statues
  An eye of devastation (shapeshifter) (Elf:1)
  A guardian serpent (shapeshifter) (D:15)
  An apocalypse crab (Zig:9)
  An orange demon (Abyss:3)
  15 smoke demons
  2 centaur skeletons
  5 cane toads
  3 kobold demonologists
  Maggie (D:9)
  4 tormentors
  An efreet (Abyss:6)
  4 hellions
  3 freezing wraiths
  A minotaur zombie (Crypt:3)
  A komodo dragon (shapeshifter) (D:12)
  A naga skeleton (Crypt:3)
  An unseen horror (Abyss:5)
  39 yaktaurs
  3 tengu conjurers
  An unseen horror zombie (D:8)
  9 rime drakes
  3 ice devils
  5 komodo dragons
  An elf skeleton (Vaults:5)
  3 hellwings
  7 ancient zymes
  16 hornets
  2 guardian mummies (Crypt:3)
  A harpy zombie (Crypt:3)
  4 meliai
  21 tarantellas
  A yaktaur skeleton (Vaults:5)
  A moth of wrath zombie (Crypt:2)
  A meliai (shapeshifter) (Elf:3)
  9 tyrant leeches
  5 trolls
  3 bloated husks
  26 blink frogs
  5 polar bears
  A stone giant simulacrum (Crypt:1)
  2 dream sheep
  A meliai zombie (Crypt:2)
  9 raiju
  A frost giant simulacrum (Depths:2)
  3 ettin skeletons
  Sigmund (D:4)
  6 flying skulls
  24 culicivoras
  5 shadows
  26 jumping spiders
  A satyr skeleton (Crypt:3)
  An air elemental (Elf:1)
  5 ynoxinuls
  22 spriggans
  3 water elementals
  An alligator skeleton (Crypt:2)
  2 centaur simulacra
  26 yaks
  3 vampires
  6 wyverns
  6 wraiths
  An elf zombie (Vaults:4)
  9 basilisks
  4 hogs (Spider:1)
  16 humans
  98 slime creatures
  A fire elemental (Elf:3)
  An ushabti (Zig:6)
  14 vampire mosquitoes
  9 golden eyes
  3 steam dragons
  70 redbacks
  6 neqoxecs
  3 small abominations
  2 chaos spawn
  11 swamp worms
  A warg (Orc:2)
  A spatial vortex (Abyss:3)
  3 two-headed ogre zombies
  A naga (Zig:3)
  6 acid dragons
  Duvessa (D:5)
  A floating eye (Depths:4)
  A hell hound (Depths:4)
  15 water moccasins
  An ogre skeleton (Vaults:5)
  4 swamp drakes
  A floating eye (shapeshifter) (Vaults:5)
  30 orc warriors
  A hornet zombie (D:8)
  2 sky beasts
  6 black bears
  2 ice beasts
  3 ogres (Orc:2)
  A black mamba simulacrum (Crypt:1)
  A hog zombie (Crypt:1)
  36 wolves
  6 boggarts
  26 centaurs
  A phantom (D:6)
  A human zombie (Vaults:4)
  8 kobold brigands
  Blork the orc (D:4)
  6 bullfrogs
  A yaktaur zombie (Crypt:2)
  5 necrophages
  A two-headed ogre simulacrum (D:11)
  7 earth elementals
  4 scorpions
  A wyvern zombie (D:8)
  11 wights
  Dowan (D:5)
  5 troll zombies (WizLab)
  3 lindwurm simulacra (IceCv)
  A warg skeleton (Crypt:3)
  A polar bear skeleton (Crypt:2)
  2 howler monkeys (D:6)
  An electric eel (Lair:2)
  A crimson imp (Abyss:6)
  A wolf skeleton (Crypt:2)
  3 centaur zombies
  An iron imp (Abyss:3)
  4 komodo dragon simulacra (IceCv)
  A jelly (D:6)
  A hound (D:6)
  15 orc priests
  6 iguanas
  A sleepcap (D:5)
  12 orc wizards
  A troll simulacrum (D:11)
  2 spriggan simulacra
  2 killer bee zombies (D:8)
  2 ogre zombies (WizLab)
  4 mummies (Zig:6)
  A howler monkey zombie (D:8)
  7 acid dragon simulacra (IceCv)
  9 adders
  A shadow imp (D:6)
  7 white imps
  4 ufetubi
  7 steam dragon simulacra (IceCv)
  3 dart slugs
  52 orcs
  4 bats
  A bat skeleton (Crypt:3)
  7 endoplasms
  2 giant cockroaches
  5 goblins
  5 hobgoblins
  A jackal (D:3)
  15 kobolds
  10 quokkas
  11 ball pythons
  4 frilled lizards
  8 rats
  2 fire vortices (Depths:3)
  3 lurking horrors
  10 starspawn tentacles
2394 creatures vanquished.

Vanquished Creatures (collateral kills)
  Arachne (Spider:2)
  A tentacled monstrosity (Vaults:5)
  2 liches (Abyss:6)
  A deep elf blademaster (Elf:3)
  A deep elf master archer (Elf:3)
  A tentacled starspawn (Abyss:3)
  3 acid blobs
  A sphinx (Vaults:5)
  An ancient champion (Crypt:1)
  A shadow dragon (Vaults:5)
  Roxanne (Elf:3)
  2 revenants
  A daeva (Abyss:6)
  A rockslime (Slime:2)
  A deep elf sorcerer (Elf:3)
  A vault warden (Vaults:4)
  4 ghouls
  A deep elf elementalist (Abyss:7)
  A ghost moth (Zig:14)
  An ironbound preserver (Vaults:1)
  2 stone giants
  A demonspawn blood saint (Zig:12)
  An ironbound thunderhulk (Vaults:1)
  An eleionoma (Swamp:1)
  2 deep elf demonologists (Elf:3)
  A demonspawn corrupter (Zig:11)
  An ophan (Abyss:6)
  3 deep elf annihilators (Elf:3)
  A spark wasp (Spider:2)
  A white draconian (Abyss:3)
  4 deep elf death magi
  2 ettins (Vaults:5)
  A blizzard demon (Zig:11)
  2 mummy priests (Crypt:3)
  An acid blob zombie (Crypt:1)
  5 jiangshi
  An eidolon (Crypt:1)
  A great orb of eyes (Abyss:3)
  A green death (Zig:12)
  2 deep elf high priests (Elf:3)
  2 spriggan skeletons
  A yaktaur captain (Vaults:1)
  4 vault guards
  A rakshasa (Abyss:6)
  A hydra (Swamp:3)
  A salamander tyrant (Zig:15)
  An ogre mage (Vaults:5)
  An alligator (Swamp:1)
  2 centaur warriors (Vaults:1)
  2 boulder beetles (Zig:14)
  A deep troll earth mage (Vaults:5)
  A vampire mage (Crypt:2)
  3 thrashing horrors
  An orc high priest (Abyss:3)
  A soul eater (Crypt:2)
  A deep elf knight (Elf:2)
  A dancing weapon (Elf:2)
  A sun demon (Depths:4)
  A wretched star (Abyss:6)
  7 skeletal warriors
  A hell knight (Abyss:6)
  A shadow wraith (Vaults:5)
  A goliath frog (Swamp:2)
  A flayed ghost (Crypt:3)
  3 bog bodies
  A glowing orange brain (Vaults:4)
  6 deep trolls
  4 orb spiders
  An orange crystal statue (Zig:10)
  2 ironbound convokers
  4 deep elf zephyrmancers
  An anaconda skeleton (Abyss:3)
  A shining eye (Slime:3)
  4 necromancers
  3 deep elf pyromancers
  A manticore (shapeshifter) (Vaults:5)
  A will-o-the-wisp (Zig:10)
  A storm dragon simulacrum (Crypt:1)
  An orange demon (Abyss:3)
  2 vault sentinels
  2 smoke demons (Abyss:6)
  A yaktaur (Vaults:3)
  A kobold demonologist (Abyss:3)
  3 guardian mummies (Crypt:3)
  An ancient zyme (Abyss:6)
  A hornet (Swamp:2)
  A harpy skeleton (Abyss:3)
  6 raiju
  12 slime creatures
  A culicivora (Spider:4)
  A jumping spider (Spider:4)
  A spriggan (Swamp:2)
  3 ushabtiu (Crypt:3)
  2 vampires (WizLab)
  A wraith (Crypt:1)
  3 golden eyes
  A slime creature zombie (Crypt:3)
  2 vampire mosquitoes (Swamp:1)
  A chaos spawn (Abyss:3)
  A neqoxec (Abyss:3)
  2 spatial vortices
  A naga zombie (Crypt:3)
  A two-headed ogre zombie (WizLab)
  A swamp worm (Swamp:1)
  2 large abominations
  2 small abominations (Abyss:6)
  A boggart (Abyss:3)
  2 necrophages (Swamp:4)
  A naga simulacrum (Crypt:1)
  A wight (WizLab)
  A wyvern skeleton (Crypt:1)
  4 troll zombies (WizLab)
  A crimson imp (Abyss:6)
  8 starcursed masses
  An iron imp (Abyss:3)
  A boggart skeleton (Crypt:3)
  3 ogre zombies (WizLab)
  A deep dwarf skeleton (Crypt:3)
  2 white imps (Abyss:6)
  A rat skeleton (Crypt:3)
  6 starspawn tentacles
223 creatures vanquished.

Vanquished Creatures (others)
  A demonspawn warmonger (Zig:12)
  A demonspawn blood saint (Zig:12)
  An orb spider (Spider:1)
  A spriggan druid (Zig:10)
  2 ancient zymes (Abyss:6)
  A bloated husk (Swamp:4)
  A hellwing (Abyss:7)
  A tarantella (Spider:3)
  A raiju (Abyss:3)
  A large abomination (Abyss:6)
  A flying skull (Abyss:3)
  A spriggan (Zig:10)
  A starcursed mass (Abyss:6)
  A human (Spider:1)
  A redback (Spider:1)
  A fire vortex (Depths:3)
  2 lurking horrors (Abyss:6)
  16 starspawn tentacles
35 creatures vanquished.

Grand Total: 2652 creatures vanquished

Notes
Turn   | Place    | Note
-------+----------+-------------------------------------------
     0 | D:1      | Vivialdi the Minotaur Berserker began the quest for the
                  | Orb.
     0 | D:1      | Reached XP level 1. HP: 19/19 MP: 0/0
   207 | D:1      | Reached XP level 2. HP: 27/27 MP: 1/1
   604 | D:1      | Reached ** piety under Trog
   958 | D:2      | Reached XP level 3. HP: 33/33 MP: 2/2
  1645 | D:3      | Reached skill level 5 in Axes
  1645 | D:3      | Reached XP level 4. HP: 31/41 MP: 3/3
  1715 | D:3      | Found a sacrificial altar of Ru.
  1831 | D:3      | Reached XP level 5. HP: 39/47 MP: 4/4
  2091 | D:4      | Noticed a black bear
  2100 | D:4      | Killed a black bear
  2428 | D:4      | Identified the +9 war axe of Honour {antimagic, rElec rPois
                  | rF+ SInv}
  2602 | D:4      | Found a staircase to the Ecumenical Temple.
  2610 | D:4      | Noticed Blork the orc
  2616 | D:4      | Killed Blork the orc
  2617 | D:4      | Reached XP level 6. HP: 55/55 MP: 1/5
  2778 | D:4      | Noticed Sigmund
  2796 | D:4      | Killed Sigmund
  2856 | D:4      | Reached skill level 5 in Fighting
  2856 | D:4      | Reached XP level 7. HP: 60/61 MP: 2/6
  3492 | D:5      | Entered Level 5 of the Dungeon
  3554 | D:5      | Found the Hermit's Pendant {Faith Invo=14 Evo=0 MP+5}
  3595 | D:5      | Reached *** piety under Trog
  3603 | D:5      | Noticed Dowan
  3604 | D:5      | Noticed Duvessa
  3616 | D:5      | Killed Duvessa
  3618 | D:5      | Killed Dowan
  3619 | D:5      | Reached skill level 5 in Armour
  3981 | D:6      | Reached XP level 8. HP: 57/69 MP: 2/7
  4341 | D:6      | Found Zossoen's Jewellery Shop.
  4402 | D:6      | Reached skill level 10 in Axes
  5064 | D:7      | Found an iron altar of Okawaru.
  6074 | D:7      | Reached XP level 9. HP: 55/68 MP: 7/18
  6266 | D:7      | Found a bloodstained altar of Trog.
  6266 | D:7      | Found an ornate altar of the Wu Jian Council.
  6273 | D:7      | Found a glowing golden altar of the Shining One.
  6279 | D:7      | Found a snail-covered altar of Cheibriados.
  6281 | D:7      | Found a broken altar of Ashenzari.
  6844 | D:8      | Found a basalt altar of Yredelemnul.
  6844 | D:8      | Found a burning altar of Makhleb.
  7139 | D:8      | Found a shimmering altar of Xom.
  7140 | D:8      | Found a hazy altar of Hepliaklqana.
  7141 | D:8      | Noticed a spectral ugly thing
  7190 | D:8      | Found the +9 sword of Power {lifebolt}
  7718 | D:8      | Noticed Gastronok
  7742 | D:8      | Killed Gastronok
  7743 | D:8      | Reached XP level 10. HP: 86/86 MP: 8/19
  8528 | D:9      | Noticed Maggie
  8536 | D:9      | Killed Maggie
  8940 | D:9      | Noticed Erolcha
  8950 | D:9      | Killed Erolcha
  9297 | D:9      | Found a stormy altar of Qazlal.
  9406 | D:9      | Reached skill level 15 in Axes
 10302 | D:9      | Noticed Maurice
 10311 | D:9      | Killed Maurice
 10473 | D:10     | Entered Level 10 of the Dungeon
 10532 | D:10     | Reached skill level 10 in Armour
 11027 | D:10     | Noticed Joseph
 11042 | D:10     | Killed Joseph
 11109 | D:10     | Reached XP level 11. HP: 94/94 MP: 8/20
 11192 | D:10     | Found a white marble altar of Elyvilon.
 12604 | D:11     | Found a frozen archway.
 12826 | IceCv    | Entered an ice cave
 13387 | IceCv    | Identified the staff of fire "Gocvor" {rF+ Str+3}
 16051 | IceCv    | Noticed an ice dragon
 16051 | IceCv    | Found the +4 skin of Zhor {*Englaciate rC+++ SInv}
 16062 | IceCv    | Killed an ice dragon
 16095 | IceCv    | Identified the amulet "Lilist" {Acrobat rElec Slay+5
                  | Stlth-}
 16113 | IceCv    | Identified the +0 pair of gloves "Wieppann" {rC+}
 16496 | D:11     | Found a staircase to the Lair.
 17167 | D:11     | Noticed Harold
 17181 | D:11     | Killed Harold
 17182 | D:11     | Reached skill level 10 in Fighting
 17357 | Lair:1   | Entered Level 1 of the Lair of Beasts
 17804 | Lair:1   | Reached XP level 12. HP: 106/106 MP: 3/11
 18436 | Lair:1   | Noticed a death yak
 18450 | Lair:1   | Noticed a death yak
 18456 | Lair:1   | Killed a death yak
 18460 | Lair:1   | Killed a death yak
 18693 | Lair:1   | Found a transporter.
 18740 | Lair:1   | Found a transporter.
 19113 | D:12     | Noticed a two-headed ogre
 19119 | D:12     | Killed a two-headed ogre
 19278 | D:12     | Found a staircase to the Orcish Mines.
 19471 | D:12     | Noticed a boulder beetle
 19478 | D:12     | Killed a boulder beetle
 19510 | D:12     | Noticed a deep troll earth mage
 19519 | D:12     | Killed a deep troll earth mage
 20882 | Orc:1    | Entered Level 1 of the Orcish Mines
 21515 | Orc:2    | Entered Level 2 of the Orcish Mines
 21515 | Orc:2    | Found a staircase to the Elven Halls.
 22105 | Orc:2    | Reached **** piety under Trog
 22159 | Orc:2    | Reached XP level 13. HP: 89/122 MP: 4/12
 22683 | Orc:2    | Found Kiabb's Magic Scroll Boutique.
 22683 | Orc:2    | Found Dilomu's General Store.
 22685 | Orc:2    | Found Uluhaudd's General Store.
 22687 | Orc:2    | Found Socs's Antique Weapon Shop.
 22700 | Orc:2    | Bought a scroll of identify for 28 gold pieces
 22971 | D:13     | Noticed Urug
 22971 | D:13     | Noticed Nessos
 22971 | D:13     | Found a gate to the Vaults.
 23062 | D:12     | Killed Nessos
 23125 | D:13     | Killed Urug
 23203 | D:13     | Reached skill level 15 in Fighting
 24489 | D:14     | Found a sacrificial altar of Ru.
 25259 | D:14     | Reached skill level 15 in Armour
 27773 | D:15     | Entered Level 15 of the Dungeon
 28098 | D:15     | Reached XP level 14. HP: 138/138 MP: 4/13
 28129 | D:15     | Found a staircase to the Depths.
 28129 | D:15     | Noticed a stone giant
 28393 | D:15     | Reached skill level 1 in Shields
 29429 | D:15     | Killed a stone giant
 29796 | Orc:2    | Bought a scroll of identify for 34 gold pieces
 29797 | Orc:2    | Bought a scroll of identify for 34 gold pieces
 29980 | Lair:1   | Identified the ring of Jaupt {rCorr EV+5}
 29983 | Lair:1   | Identified the +1 hat "Eciaserpho" {+Blink rPois Dex+3}
 30084 | Lair:2   | Identified the ring of the Countless Priests {rCorr Str+4
                  | Dex+2}
 30282 | Lair:2   | Reached skill level 1 in Evocations
 30336 | Lair:2   | Found the +15 Maxwell's patent armour {-Cast -Tele rElec
                  | Will+ rCorr}
 30592 | Lair:2   | Identified the +5 long sword "Fyrphekk" {holy, rPois rN+
                  | Will+ Str+4}
 31296 | Lair:3   | Found a hole to the Spider Nest.
 31364 | Lair:3   | Noticed Sonja
 31369 | Lair:3   | Killed Sonja
 31465 | Lair:3   | Found a staircase to the Swamp.
 31493 | Lair:3   | Reached skill level 5 in Shields
 31546 | Lair:3   | Reached ***** piety under Trog
 32965 | Lair:4   | Found a viscous altar of Jiyva.
 32967 | Lair:4   | Found a staircase to the Slime Pits.
 33427 | Lair:5   | Entered Level 5 of the Lair of Beasts
 34160 | Lair:5   | Reached XP level 15. HP: 150/150 MP: 4/14
 34203 | Lair:5   | Paralysed by a hornet for 1 turns
 35132 | Lair:5   | Gained mutation: You possess an exceptional clarity of
                  | mind. [potion of mutation]
 35350 | Spider:1 | Entered Level 1 of the Spider Nest
 35360 | Spider:1 | Reached ****** piety under Trog
 35374 | Spider:1 | Noticed Louise
 35375 | Spider:1 | Received a gift from Trog
 35390 | Spider:1 | Killed Louise
 36507 | Spider:1 | Noticed an emperor scorpion
 36519 | Spider:1 | Killed an emperor scorpion
 36976 | Spider:1 | Reached skill level 5 in Evocations
 37130 | Spider:1 | Identified the +3 ring mail "Qiryjut" {rC+ Will+}
 37238 | Spider:1 | Noticed Kirke
 37247 | Spider:1 | Killed Kirke
 37248 | Spider:1 | Reached skill level 10 in Shields
 37524 | Spider:2 | Noticed Arachne
 37538 | Spider:2 | Killed Arachne
 37538 | Spider:2 | Received a gift from Trog
 38124 | Spider:2 | Reached XP level 16. HP: 146/162 MP: 5/15
 38788 | Spider:2 | Noticed Mlioglotl
 38798 | Spider:2 | Killed Mlioglotl
 41077 | Spider:3 | Identified the ring of Puenolof {rElec Str+6}
 41113 | Spider:3 | Found the +0 pair of fencer's gloves {Riposte Dex+3}
 41378 | Spider:3 | Identified the staff of poison "Cavvux" {Contam rPois
                  | Will+++ MP-9 Dex+7}
 42266 | Spider:4 | Entered Level 4 of the Spider Nest
 42513 | Spider:4 | Received a gift from Trog
 42513 | Spider:4 | Found the +16 obsidian axe {drain, demonic, Mesm Drain Fly
                  | SInv}
 47341 | Spider:4 | Got a gossamer rune of Zot
 47345 | Spider:4 | Identified the +2 hat of Damp Salvation {Rampage}
 47688 | Spider:4 | Reached XP level 17. HP: 164/165 MP: 16/16
 48261 | Elf:1    | Entered Level 1 of the Elven Halls
 48317 | Elf:1    | Found Uruduax's Armour Boutique.
 48443 | Elf:1    | Reached skill level 15 in Shields
 48531 | Elf:1    | Found Yzeumes's Magic Scroll Emporium.
 48954 | Elf:1    | Lost mutation: You possess an exceptional clarity of mind.
                  | [potion of mutation]
 48954 | Elf:1    | Gained mutation: Armour fits poorly on your strangely
                  | shaped body. [potion of mutation]
 48954 | Elf:1    | Gained mutation: Your body sometimes deteriorates upon
                  | taking damage. [potion of mutation]
 48954 | Elf:1    | Gained mutation: Your spells are a little harder to cast,
                  | but a little more powerful. [potion of mutation]
 48955 | Elf:1    | Lost mutation: Your body sometimes deteriorates upon taking
                  | damage. [potion of mutation]
 48955 | Elf:1    | Lost mutation: Your spells are a little harder to cast, but
                  | a little more powerful. [potion of mutation]
 48955 | Elf:1    | Gained mutation: Your natural rate of healing is unusually
                  | fast. [potion of mutation]
 48955 | Elf:1    | Gained mutation: You have a pair of large horns on your
                  | head. [potion of mutation]
 49499 | Elf:1    | Received a gift from Trog
 49556 | Elf:1    | Found Siegick's General Store.
 49948 | Elf:2    | Found Afer's Antique Weapon Shop.
 50011 | Elf:2    | Found Bantaulu's Jewellery Boutique.
 50041 | Elf:2    | Found Ceppofio's Book Emporium.
 50042 | Elf:2    | Found Jaen's Jewellery Boutique.
 50335 | Elf:2    | Found a runed translucent gate.
 50335 | Elf:2    | Found a runed translucent gate.
 50336 | Elf:2    | Found a runed translucent gate.
 50523 | Elf:2    | Noticed Zenata
 50534 | Elf:2    | Killed Zenata
 51205 | Elf:3    | Entered Level 3 of the Elven Halls
 51273 | Elf:3    | Noticed a deep elf blademaster
 51281 | Elf:3    | Killed a deep elf blademaster
 51295 | Elf:3    | Received a gift from Trog
 51300 | Elf:3    | Noticed a deep elf master archer
 51301 | Elf:3    | Noticed an Ice Fiend
 51309 | Elf:3    | Noticed a deep elf blademaster
 51317 | Elf:3    | Killed a deep elf blademaster
 51320 | Elf:3    | Killed a deep elf master archer
 51327 | Elf:3    | Noticed a deep elf master archer
 51328 | Elf:3    | Noticed a Brimstone Fiend
 51342 | Elf:3    | Noticed an Ice Fiend
 51343 | Elf:3    | Noticed a Tzitzimitl
 51347 | Elf:3    | Reached XP level 18. HP: 153/187 MP: 17/17
 51562 | Elf:3    | Identified the +2 whip of Foul Odours {drain, +Blink Will+
                  | Str+2 Int+2}
 51565 | Elf:3    | Found the ring of the Octopus King {Wiz HP+2 AC+2 EV+2
                  | SH+2}
 51804 | Elf:3    | Identified the +12 gold dragon scales of Perfidy {rElec
                  | rPois rF+ rC+ Int+7 Dex+5}
 52047 | Elf:3    | Identified the ring of Xom's Recklessness {Ice Fly rN+
                  | Str+4 Slay-3}
 52140 | Elf:3    | Noticed Roxanne
 52367 | Elf:3    | Identified the +0 ring mail of Unambiguity {Harm Str+2}
 52427 | Elf:3    | Identified the ring "Piryrh Eruh" {Ice Int+2}
 52458 | Elf:3    | Killed Roxanne
 52878 | Swamp:1  | Entered Level 1 of the Swamp
 54257 | Elf:3    | Lost mutation: Armour fits poorly on your strangely shaped
                  | body. [potion of mutation]
 54257 | Elf:3    | Lost mutation: You have a pair of large horns on your head.
                  | [potion of mutation]
 54257 | Elf:3    | Lost mutation: Your natural rate of healing is unusually
                  | fast. [potion of mutation]
 54257 | Elf:3    | Gained mutation: You are partially covered in large bone
                  | plates. (SH +4) [potion of mutation]
 54257 | Elf:3    | Gained mutation: You are partially covered in iridescent
                  | scales. (AC +2) [potion of mutation]
 54257 | Elf:3    | Gained mutation: Your muscles are strong. (Str +4, Int/Dex
                  | -1) [potion of mutation]
 55422 | Swamp:3  | Found a runed translucent gate.
 55424 | Swamp:3  | Found a runed translucent gate.
 55425 | Swamp:3  | Found a runed translucent gate.
 55470 | Swamp:3  | Noticed middlethird's ghost (journeyman VSMo)
 55494 | Swamp:3  | Killed middlethird's ghost
 55625 | Swamp:3  | Noticed a tentacled monstrosity
 55632 | Swamp:3  | Killed a tentacled monstrosity
 55863 | Swamp:4  | Entered Level 4 of the Swamp
 55916 | Swamp:4  | Received a gift from Trog
 56141 | Swamp:4  | Got a decaying rune of Zot
 56411 | Swamp:4  | Reached XP level 19. HP: 200/200 MP: 18/18
 57037 | Slime:1  | Entered Level 1 of the Pits of Slime
 57177 | Slime:1  | Lost mutation: Your muscles are strong. (Str +4, Int/Dex
                  | -1) [a shining eye]
 57220 | Slime:1  | Received a gift from Trog
 59043 | Slime:5  | Entered Level 5 of the Pits of Slime
 59063 | Slime:5  | Received a gift from Trog
 59193 | Slime:5  | Found a viscous altar of Jiyva.
 59281 | Slime:5  | Noticed the Royal Jelly
 59297 | Slime:5  | Killed the Royal Jelly
 59346 | Slime:5  | Identified the +5 pair of boots of Monotheism {rPois}
 59402 | Slime:5  | Identified the +0 leather armour "Rodeamim" {rF- Str+4
                  | Dex+6}
 59412 | Slime:5  | Got a slimy rune of Zot
 59413 | Slime:5  | Identified the +1 buckler of Ophusmicu {rCorr}
 59857 | Slime:3  | Gained mutation: Potions are less effective at restoring
                  | your health. [a shining eye]
 59867 | Slime:3  | Reached XP level 20. HP: 209/214 MP: 11/19
 59867 | Slime:3  | Gained mutation: You are vulnerable to cold. (rC-) [a
                  | shining eye]
 59876 | Slime:3  | Gained mutation: You are clumsy. (Dex -2) [a shining eye]
 60387 | Vaults:1 | Entered Level 1 of the Vaults
 60478 | Vaults:1 | Found a transporter.
 60621 | Vaults:1 | Received a gift from Trog
 60897 | Vaults:1 | Reached skill level 27 in Fighting
 61346 | Vaults:1 | Identified the ring of Cowardice {Ice Int+2 Dex+2 Stlth+}
 61346 | Vaults:1 | Identified the +8 plate armour of Restlessness {rF+ rC-
                  | Will+}
 61355 | Vaults:1 | Found a transporter.
 61534 | Vaults:1 | Identified the +0 helmet of Golden Wonder {Str+4}
 61633 | Vaults:2 | Reached skill level 10 in Evocations
 61653 | Vaults:2 | Received a gift from Trog
 62615 | Vaults:2 | Received a gift from Trog
 62616 | Vaults:2 | Reached XP level 21. HP: 224/224 MP: 20/20
 62928 | Vaults:3 | Noticed Mennas
 62941 | Vaults:3 | Killed Mennas
 63550 | Vaults:3 | Found a staircase to the Crypt.
 64208 | Vaults:3 | Received a gift from Trog
 65354 | Vaults:4 | Identified the +1 shortbow of Ymiezink {freeze, Str+5}
 65473 | Vaults:4 | Noticed Mara
 65474 | Vaults:4 | Noticed Vivialdi's illusion
 65508 | Vaults:4 | Killed Mara
 65588 | Vaults:4 | Received a gift from Trog
 66780 | Vaults:5 | Entered Level 5 of the Vaults
 66795 | Vaults:5 | Reached XP level 22. HP: 233/233 MP: 21/21
 66884 | Vaults:5 | Noticed a golden dragon
 66890 | Vaults:5 | Noticed a dread lich
 66890 | Vaults:5 | Killed a golden dragon
 66890 | Vaults:5 | Received a gift from Trog
 66892 | Vaults:5 | Found Zass's Antique Weapon Shoppe.
 66897 | Vaults:5 | Killed a dread lich
 66953 | Vaults:5 | Found Uje Arugo's Jewellery Boutique.
 66969 | Vaults:5 | Found Hour's Antique Armour Emporium.
 67017 | Vaults:5 | Identified the +7 long sword of Outrage {freeze, rElec rF+}
 67464 | Vaults:5 | Received a gift from Trog
 67613 | Vaults:5 | Noticed a golden dragon
 67618 | Vaults:5 | Killed a golden dragon
 67631 | Vaults:5 | Found Goackerch's Magic Scroll Emporium.
 67662 | Vaults:5 | Found Xiegasmi's Distillery.
 67895 | Vaults:5 | Found Jesuhah's Magic Scroll Shop.
 67920 | Vaults:5 | Found Siluewk's Distillery.
 67924 | Vaults:5 | Bought a potion of heal wounds for 100 gold pieces
 67924 | Vaults:5 | Bought a potion of might for 80 gold pieces
 67931 | Vaults:5 | Found Jurph's Magic Scroll Shop.
 67951 | Vaults:5 | Got a silver rune of Zot
 68031 | Vaults:5 | Found Uplot's Distillery.
 68036 | Abyss:3  | Found a corrupted altar of Lugonu.
 68036 | Abyss:3  | Cast into level 3 of the Abyss (a deep elf demonologist)
 68057 | Abyss:3  | Found a shimmering blue altar of Sif Muna.
 68092 | Abyss:3  | Identified the amulet "Miecs" {RegenMP Str+3 SInv}
 68106 | Abyss:3  | Gained mutation: You are dopey. (Int -2) [a cacodemon]
 68309 | Abyss:3  | Reached XP level 23. HP: 240/240 MP: 22/22
 68374 | Abyss:3  | Identified the +3 war axe "Guulago" {antimagic, rN++ Str+3
                  | Dex+3} (Trog gifted it to you on level 3 of the Abyss)
 68374 | Abyss:3  | Received a gift from Trog
 68563 | Vaults:5 | Escaped the Abyss
 69906 | Depths:1 | Entered Level 1 of the Depths
 69920 | Depths:1 | Found a shadowy altar of Dithmenos.
 69933 | Depths:1 | Found a one-way gateway to a ziggurat.
 69936 | Depths:1 | Found a gateway to Hell.
 70009 | Depths:1 | Noticed Bai Suzhen
 70021 | Depths:1 | Killed Bai Suzhen
 70026 | Depths:1 | Received a gift from Trog
 70121 | Depths:1 | Found a runed translucent gate.
 70121 | Depths:1 | Found a runed translucent gate.
 70145 | Depths:1 | You are sucked into a shaft and drop 1 floor!
 70285 | Depths:2 | Found a one-way gate leading to the halls of Pandemonium.
 70343 | Depths:2 | Found a magical portal.
 70356 | WizLab   | Entered Zonguldrok's Shrine
 70522 | WizLab   | Received a gift from Trog
 70635 | WizLab   | Noticed an antique lich
 70646 | WizLab   | Killed an antique lich
 70844 | WizLab   | Found the +9 sword of Zonguldrok {reap}
 70997 | Depths:2 | Found a one-way gate to the infinite horrors of the Abyss.
 70998 | Depths:2 | Found a corrupted altar of Lugonu.
 71178 | Depths:2 | Found a blossoming altar of Fedhas.
 71248 | Depths:2 | Identified the +0 glaive of Wu Jian, Shifting {spect, SInv}
 71318 | Depths:2 | Found a hide-covered altar of Uskayaw.
 71768 | Depths:2 | Noticed Jory
 71780 | Depths:2 | Killed Jory
 71782 | Depths:2 | Received a gift from Trog
 72538 | Depths:1 | Noticed Kabe's ghost (veteran BaIE)
 72539 | Depths:1 | Found a runed translucent gate.
 72541 | Depths:1 | Reached XP level 24. HP: 244/249 MP: 22/22
 72611 | Depths:1 | Found the +8 lance "Wyrmbane" {slay drac, rPois rF+ rC+
                  | AC+3}
 72703 | Depths:1 | Killed Kabe's ghost
 72720 | Depths:1 | Identified the ring of the Saviour {rC+ Will+ MP+9 Str+3
                  | Dex+2}
 73032 | Depths:3 | Found a runed translucent door.
 73178 | Depths:3 | Reached skill level 27 in Shields
 73236 | Depths:3 | Found a hazy altar of Hepliaklqana.
 73615 | Depths:3 | Identified the ring of Zyirphoe {rF+ Will+ AC+4}
 73623 | Depths:3 | Received a gift from Trog
 73667 | Depths:3 | Found a runed translucent door.
 73667 | Depths:3 | Noticed a shard shrike
 73667 | Depths:3 | Noticed a shard shrike
 73672 | Depths:3 | Killed a shard shrike
 73674 | Depths:3 | Killed a shard shrike
 74220 | Depths:4 | Entered Level 4 of the Depths
 74709 | Depths:4 | Found a gate to the Realm of Zot.
 74883 | Depths:4 | Paralysed by a floating eye for 4 turns
 74893 | Depths:4 | Paralysed by a floating eye for 2 turns
 75202 | Depths:4 | Received a gift from Trog
 75207 | Depths:4 | Reached skill level 15 in Evocations
 75277 | Depths:4 | Found a portal to a secret trove of treasure.
 75862 | Depths:4 | You paid a toll of +2 storm dragon scales to enter a
                  | treasure trove
 75863 | Trove    | Entered a treasure trove
 75937 | Trove    | Lost mutation: You are dopey. (Int -2) [potion of mutation]
 75937 | Trove    | Lost mutation: You are partially covered in large bone
                  | plates. (SH +4) [potion of mutation]
 75937 | Trove    | Lost mutation: You are partially covered in iridescent
                  | scales. (AC +2) [potion of mutation]
 75937 | Trove    | Gained mutation: You have large cloven feet. [potion of
                  | mutation]
 75937 | Trove    | Gained mutation: You are partially covered in iridescent
                  | scales. (AC +2) [potion of mutation]
 76304 | Elf:3    | Lost mutation: You are vulnerable to cold. (rC-) [potion of
                  | mutation]
 76304 | Elf:3    | Lost mutation: Potions are less effective at restoring your
                  | health. [potion of mutation]
 76304 | Elf:3    | Gained mutation: You are mostly covered in iridescent
                  | scales. (AC +4) [potion of mutation]
 76304 | Elf:3    | Gained mutation: Your mind is acute. (Int +4, Str/Dex -1)
                  | [potion of mutation]
 76304 | Elf:3    | Gained mutation: You are strong-willed. (Will+) [potion of
                  | mutation]
 77321 | Elf:2    | Bought the ring of New Discoveries {Ice rN+ Str+3 SInv} for
                  | 560 gold pieces
 77575 | Crypt:1  | Entered Level 1 of the Crypt
 77812 | Crypt:1  | You are sucked into a shaft and drop 1 floor!
 78034 | Crypt:2  | Reached XP level 25. HP: 250/257 MP: 22/22
 78034 | Crypt:2  | Reached XP level 26. HP: 259/266 MP: 22/22
 78183 | Crypt:2  | Received a gift from Trog
 78931 | Crypt:3  | Entered Level 3 of the Crypt
 79030 | Crypt:3  | Found the +7 great mace "Undeadhunter" {deathbane, rN+}
 79065 | Crypt:3  | Received a gift from Trog
 79098 | Crypt:3  | Found a staircase to the Tomb.
 79168 | Crypt:3  | Identified the +6 morningstar "Beetleslayer" {flame, rPois
                  | Will+}
 79487 | Crypt:3  | Noticed an ancient lich
 79501 | Crypt:3  | Killed an ancient lich
 79707 | Crypt:3  | Found a basalt altar of Yredelemnul.
 80009 | Crypt:3  | Found an ancient bone altar of Kikubaaqudgha.
 80031 | Crypt:3  | Found the +3 salamander hide armour {Flames, rFlCloud rF++
                  | rC--}
 80035 | Crypt:3  | Identified the ring of Wiluntif {rN+ rCorr Slay+3}
 80035 | Crypt:3  | Identified the ring of Reimbursement {rN+ Int+4 SInv}
 80035 | Crypt:3  | Identified the ring of the Lobster {rElec rN+ rCorr Str-2
                  | Dex+3}
 80117 | Crypt:3  | Identified the staff of death "Douh Cae" {Drain rN+ Str+4}
 80137 | Crypt:3  | Identified the staff of fire "Ryhot" {rPois rF+}
 80314 | Crypt:3  | Received a gift from Trog
 80336 | Crypt:3  | Found a hide-covered altar of Uskayaw.
 80451 | Crypt:3  | Reached skill level 27 in Axes
 81100 | Depths:2 | Voluntarily entered the Abyss.
 81139 | Abyss:6  | Found a corrupted altar of Lugonu.
 81197 | Abyss:6  | Reached skill level 10 in Dodging
 81263 | Abyss:6  | Received a gift from Trog
 81283 | Abyss:6  | Reached XP level 27. HP: 104/273 MP: 22/22
 81283 | Abyss:6  | Found a corrupted altar of Lugonu.
 81293 | Abyss:6  | Paralysed by accursed screaming for 1 turns
 81295 | Abyss:6  | Paralysed by accursed screaming for 1 turns
 81296 | Abyss:6  | HP: 6/275 [smoke demon/divine providence (14)]
 81297 | Abyss:6  | Paralysed by accursed screaming for 1 turns
 81424 | Abyss:6  | HP: 10/275 [hellion/damnation (35)]
 81449 | Abyss:7  | Entered Level 7 of the Abyss
 81449 | Abyss:7  | Found a corrupted altar of Lugonu.
 81475 | Abyss:7  | Noticed a dread lich
 81495 | Depths:2 | Escaped the Abyss
 82190 | Vaults:5 | Bought a potion of haste for 130 gold pieces
 82190 | Vaults:5 | Bought a potion of invisibility for 104 gold pieces
 82190 | Vaults:5 | Bought a potion of heal wounds for 65 gold pieces
 82190 | Vaults:5 | Bought 2 potions of curing for 78 gold pieces
 82190 | Vaults:5 | Bought a potion of heal wounds for 65 gold pieces
 82429 | Orc:2    | Bought a potion of heal wounds for 70 gold pieces
 82543 | Zig:1    | Entered Level 1 of a ziggurat
 82557 | Zig:2    | Entered Level 2 of a ziggurat
 82579 | Zig:3    | Entered Level 3 of a ziggurat
 82675 | Zig:3    | Received a gift from Trog
 82683 | Zig:3    | Identified the staff of conjuration "Secvio" {rC+ Will-
                  | MP+9 Str+5}
 82702 | Zig:4    | Entered Level 4 of a ziggurat
 82705 | Zig:4    | Noticed Huzoh the pandemonium lord
 82719 | Zig:4    | Killed Huzoh the pandemonium lord
 82727 | Zig:4    | Gained mutation: You do not regenerate when monsters are
                  | visible. [mutagenic glow]
 82733 | Zig:4    | Gained mutation: Your magical capacity is low. (-10% MP)
                  | [mutagenic glow]
 82758 | Zig:4    | Gained mutation: You are very clumsy. (Dex -4) [mutagenic
                  | glow]
 82978 | Zig:5    | Entered Level 5 of a ziggurat
 83010 | Zig:5    | Identified the staff of poison "Tobbozou" {rPois Dex+3}
 83012 | Zig:5    | Identified the staff of cold "Maruuj" {rC+ Int+4}
 83021 | Zig:6    | Entered Level 6 of a ziggurat
 83027 | Zig:6    | Noticed a royal mummy
 83035 | Zig:6    | Killed a royal mummy
 83273 | Zig:6    | Identified the amulet of Iturch {Acrobat rCorr Str+5 Dex-3}
 83294 | Zig:7    | Entered Level 7 of a ziggurat
 83339 | Zig:7    | Lost mutation: You are very clumsy. (Dex -4) [potion of
                  | mutation]
 83339 | Zig:7    | Lost mutation: You do not regenerate when monsters are
                  | visible. [potion of mutation]
 83339 | Zig:7    | Lost mutation: You are mostly covered in iridescent scales.
                  | (AC +4) [potion of mutation]
 83339 | Zig:7    | Gained mutation: Your spells are a little harder to cast,
                  | but a little more powerful. [potion of mutation]
 83433 | Zig:8    | Entered Level 8 of a ziggurat
 83729 | Zig:9    | Entered Level 9 of a ziggurat
 83770 | Zig:9    | Identified the +0 helmet of Objectivity {Str+3 Int+2}
 83780 | Zig:9    | Identified the +6 morningstar "Ippaema" {antimagic, Int+2}
 83787 | Zig:9    | Identified the staff of conjuration "Betiamor" {rF- Str+3}
 83814 | Zig:10   | Entered Level 10 of a ziggurat
 83844 | Zig:10   | Identified 3 scrolls of acquirement
 83908 | Zig:10   | Acquired 757 gold pieces
 83909 | Zig:10   | Acquired 696 gold pieces
 83910 | Zig:10   | Acquired 496 gold pieces
 83964 | Zig:11   | Entered Level 11 of a ziggurat
 83976 | Zig:11   | Noticed Jougofor the pandemonium lord
 83987 | Zig:11   | Killed Jougofor the pandemonium lord
 84045 | Zig:11   | Lost mutation: Your spells are a little harder to cast, but
                  | a little more powerful. [potion of mutation]
 84045 | Zig:11   | Lost mutation: You are strong-willed. (Will+) [potion of
                  | mutation]
 84045 | Zig:11   | Gained mutation: Armour fits poorly on your strangely
                  | shaped body. [potion of mutation]
 84045 | Zig:11   | Gained mutation: Your flesh is cold resistant. (rC+)
                  | [potion of mutation]
 84045 | Zig:11   | Gained mutation: You have hidden genetic potential. [potion
                  | of mutation]
 84046 | Zig:11   | Lost mutation: You have large cloven feet. [potion of
                  | mutation]
 84046 | Zig:11   | Lost mutation: Your magical capacity is low. (-10% MP)
                  | [potion of mutation]
 84046 | Zig:11   | Lost mutation: Your mind is acute. (Int +4, Str/Dex -1)
                  | [potion of mutation]
 84046 | Zig:11   | Gained mutation: You are weak. (Str -2) [potion of
                  | mutation]
 84046 | Zig:11   | Gained mutation: You are mostly covered in iridescent
                  | scales. (AC +4) [potion of mutation]
 84047 | Zig:11   | Lost mutation: You are clumsy. (Dex -2) [potion of
                  | mutation]
 84047 | Zig:11   | Lost mutation: Your flesh is cold resistant. (rC+) [potion
                  | of mutation]
 84047 | Zig:11   | Lost mutation: You are mostly covered in iridescent scales.
                  | (AC +4) [potion of mutation]
 84047 | Zig:11   | Lost mutation: You have hidden genetic potential. [potion
                  | of mutation]
 84047 | Zig:11   | Gained mutation: Your mind is acute. (Int +4, Str/Dex -1)
                  | [potion of mutation]
 84048 | Zig:11   | Lost mutation: You are weak. (Str -2) [potion of mutation]
 84048 | Zig:11   | Lost mutation: Your mind is acute. (Int +4, Str/Dex -1)
                  | [potion of mutation]
 84048 | Zig:11   | Lost mutation: Armour fits poorly on your strangely shaped
                  | body. [potion of mutation]
 84048 | Zig:11   | Gained mutation: You are robust. (+10% HP) [potion of
                  | mutation]
 84048 | Zig:11   | Gained mutation: You possess an exceptional clarity of
                  | mind. [potion of mutation]
 84048 | Zig:11   | Lost mutation: You are robust. (+10% HP) [potion of
                  | mutation]
 84330 | Zig:12   | Entered Level 12 of a ziggurat
 84337 | Zig:12   | Noticed Toeffet the pandemonium lord
 84358 | Zig:12   | Killed Toeffet the pandemonium lord
 84654 | Zig:12   | Identified the staff of air "Xatang" {rElec rPois rC- rCorr
                  | Dex+6}
 84657 | Zig:12   | Identified the +0 pair of boots "Miut" {rF+++ rC+++ Str-5
                  | SInv}
 84702 | Zig:13   | Entered Level 13 of a ziggurat
 84710 | Zig:13   | Found the +7 captain's cutlass {speed, disarm}
 84753 | Zig:13   | Identified the +2 mace "Goblinbane" {protect, Stlth+}
 84868 | Zig:14   | Entered Level 14 of a ziggurat
 84883 | Zig:14   | Received a gift from Trog
 84915 | Zig:14   | Identified the +2 great sword "Hukuh" {speed, Stlth+}
 84944 | Zig:14   | Acquired 1087 gold pieces
 84946 | Zig:14   | Identified the +5 ring mail of Death Resistance {rPois rN++
                  | Will+ Dex-2}
 84968 | Zig:15   | Entered Level 15 of a ziggurat
 84990 | Zig:15   | Reached skill level 27 in Armour
 84990 | Zig:15   | Reached skill level 15 in Dodging
 84997 | Zig:15   | HP: 11/275 [hellephant (5)]
 84998 | Zig:15   | HP: 3/275 [fire giant/bolt of fire (8)]
 84998 | Zig:15   | Killed from afar by a balrug

Illustrated notes

Levels and vault maps discovered:
D:1:      dpeg_arrival_more_subterranean_lakeside_camping, layout_loops_cross,
          minmay_misc_feat_x, minmay_misc_feat_ornament
D:2:      layout_basic, hangedman_decor_growths
D:3:      layout_rooms, mainiacjoe_overflow_paths, minmay_circle_x
D:4:      layout_gridville, minmay_temple_entry_stoned_glass, uniq_sigmund,
          uniq_blork_the_orc
D:5:      layout_gridville, abandoned_shop, uniq_duvessa
D:6:      layout_cave_pools, serial_shops, shop
D:7:      layout_rooms, kennysheep_okawaru_gauntlet,
          chequers_temple_overflow_minitemple
D:8:      minmay_weird_star, layout_loops_corners,
          regret_index_temple_of_mockery, nicolae_yredelemnul_corpse_copse,
          mainiacjoe_overflow_chevrons, minmay_strange_pillars,
          minmay_misc_feat_alley, uniq_gastronok
D:9:      layout_grid_maze, grunt_qazlal_clouds, uniq_maurice, uniq_erolcha,
          uniq_maggie
D:10:     layout_grid_maze, elyvilon_altar_5, uniq_joseph
D:11:     layout_basic, david_lair_generic, portal_ice_cave_entry_ice_simulacra,
          uniq_harold
D:12:     layout_roguey, minmay_orc_entry_temple_small, minmay_three_doors
D:13:     layout_rooms, david_vaults_3
D:14:     layout_loops_ring, nicolae_ru_awakened_eye
D:15:     grunt_enter_depths_giant_problem, layout_irregular_city
Lair:1:   gammafunk_worm_tunnel, layout_loops_ring,
          grunt_forest_large_clearing_hut, lemuel_fruit_tree
Lair:2:   dreamdust_cave_troll, layout_chaotic_city, nicolae_lair_lil_pond,
          dreamdust_deal_with_the_devil, wad_woods_river_04, worms_lemuel
Lair:3:   layout_roguey, skrybe_swamp_entry_bodies, spider_nest_entry_rubble,
          uniq_sonja
Lair:4:   layout_layer_cave, slime_entry_1, serial_bayou_shore_b
Lair:5:   minmay_lair_end_enchanted_forest, layout_gridlike,
          pdpol_lair_neglected_garden
Swamp:1:  layout_falls_marsh, infiniplex_staircase_pool
Swamp:2:  layout_basic_swamp, serial_swamp_ruin, evilmike_swamp_ruin_house_4,
          evilmike_swamp_ruin_house_3, infiniplex_staircase_pool_2
Swamp:3:  layout_falls_marsh, ebering_ghost_rock_garden,
          evilmike_swamp_ruin_house_2, swamp_pool5,
          nicolae_swamp_hydra_murder_den
Swamp:4:  swamp_alternative, layout_basic_swamp
Spider:1: nicolae_spider_brood_tunnel, uniq_louise, uniq_kirke
Spider:2: layout_chambers, hangedman_spider_tarantella_strand, uniq_arachne,
          uniq_mlioglotl
Spider:3: layout_cave_pods, drop_trap, hangedman_stitches_earthworm
Spider:4: grunt_spider_rune_parallel
Slime:1:  layout_caves
Slime:2:  layout_caves, basic_altar, nicolae_slime_welcoming_committee
Slime:3:  layout_caves, nicolae_slime_round_cave
Slime:4:  layout_caves
Slime:5
Orc:1:    layout_caves, biasface_ghost_orc_armoury
Orc:2:    st_orc_rangers, layout_diamond_mine
Elf:1:    elf_arrival_001, layout_onion_city, serial_shops,
          nicolae_shop_tiny_glass, shop, nicolae_shop_rolled_up
Elf:2:    elven_hall_of_blades_hangedman_original
          [infiniplex_blade_entry_pillars], layout_loops_corners, serial_shops,
          nicolae_shop_tiny_real_fake_doors, minmay_shop_grove, uniq_zenata
Elf:3:    grunt_elf_hall_branching, layout_geoelf_diagonals, dk_noncrumbling_2,
          uniq_roxanne
Vaults:1: gammafunk_sealed_arena, nicolae_vaults_theta,
          nicolae_vaults_trapezoid_1, hangedman_vaults_cutoff,
          nicolae_vaults_offset_grid_hallway_1, nicolae_vaults_layer_cake_slice,
          hangedman_vaults_stagger, nicolae_vaults_ninety_degrees,
          vaults_standard_mumra_enter_the_diamond, hangedman_vaults_slice,
          hangedman_vaults_nails, layout_vaults_omnibox
Vaults:2: v_misc_2, nicolae_vaults_murderbox, nicolae_vaults_heart-shaped_vault,
          vaults_room_grid, hangedman_vaults_stream, v_rooms_3, v_pattern_2,
          nicolae_vaults_trapezoid_lopsided_1, vaults_room_corners,
          nicolae_vaults_tetromino_L_1, nicolae_vaults_specimen_jars,
          layout_vaults_omnicross
Vaults:3: nicolae_vaults_back_hallway, nicolae_vaults_offset_grid_hallway_1,
          nicolae_vaults_oval_intersection, hangedman_vaults_capsules,
          blue_anna_dwarven_crypt, hangedman_vaults_maws,
          nicolae_vaults_ring_of_whatevers, nicolae_vaults_storage_closets_1,
          vaults_dpeg_encased_lava, ontoclasm_vaults_gateway,
          layout_vaults_omnigrid, uniq_mennas
Vaults:4: v_pattern_5, nicolae_vaults_trapezoid_layered, vaults_room_corners,
          vaults_room_stairs_pillars, nicolae_vaults_closet_pinwheel_5,
          nicolae_vaults_tetromino_T_1, nicolae_vaults_yaktaur_gun_rack,
          nicolae_vaults_tetromino_Z_1, nicolae_vaults_tetromino_Z_1,
          layout_vaults_chaotic_city, uniq_mara
Vaults:5
Crypt:1:  layout_chaotic_city, serial_sigils, serial_sigils_hangedman_scratch,
          serial_sigils_hangedman_snap, serial_sigils_hangedman_gut,
          serial_sigils_hangedman_confine, uniq_sojobo, uniq_josephina
Crypt:2:  layout_chaotic_city, wad_floor_pattern_untrapped, grunt_ministairs_5,
          evilmike_ambush [evilmike_ambush_outer_basic,
          evilmike_ambush_inner_basic], grunt_megastairs_5
Crypt:3:  lightli_unholy_cathedral, layout_chaotic_city,
          tomb_entry_simple_bobbens, nicolae_danse_macabre, uniq_margery
Depths:1: layout_twisted_cross, enter_ziggurat_a, hell_entry,
          biasface_ghost_demon_polymorph, grunt_dithmenos_smoke, st_stairs_2,
          hangedman_cracks_in_the_wall, uniq_bai_suzhen
Depths:2: due_jory_tower, layout_cave_pools, hell_entry,
          infiniplex_enter_wizlab_glasses, nicolae_uskayaw_en_pointe,
          rand_demon_pan_entry_9, abyss_entry_flame_altar,
          chequers_serial_rivers_large_b, fedhas_altar_1,
          infiniplex_staircase_spiral
Depths:3: mu_elemental_laboratory, layout_cave_pools, marbit_kobold_abyss_entry,
          grunt_decor_one_mirror, pf_vacation_house_of_asmodeus,
          nicolae_water_bricks, worldfamousw_hep_ancestral_shrine
Depths:4: evilmike_zot_entry_gauntlet, layout_basic, trove_entry_hex_spiral,
          grunt_pan_entry_sceptre, nicolae_hell_entry_hellmouth_sunbeams,
          serial_sigils_hangedman_gut, minmay_misc_feat_room
Zig:15

Skill      XL: |  1  2  3  4  5  6  7  8  9 10 11 12 13 14 15 16 17 18 19 20 21 22 23 24 25 26 27 |
---------------+----------------------------------------------------------------------------------+-----
Axes           | 4 5 6 7 9 11 13 15 17 18 20 22 25 27 | 27.0
Fighting       | 4 5 6 7 8 10 13 16 18 19 20 22 24 26 27 | 27.0
Armour         | 3 4 5 6 8 10 12 13 15 17 18 19 20 21 22 23 24 27 | 27.0
Dodging        | 3 4 7 10 15 | 15.1
Shields        | 6 10 14 16 17 19 21 23 25 26 27 | 27.0
Evocations     | 3 5 6 7 8 10 11 12 14 15 16 18 | 18.0
Stealth        | |  0.8

Action                     |  1- 3 |  4- 6 |  7- 9 | 10-12 | 13-15 | 16-18 | 19-21 | 22-24 | 25-27 || total
---------------------------+-------+-------+-------+-------+-------+-------+-------+-------+-------++-------
  Melee: Hand axe          |    91 |    58 |       |       |       |       |       |       |       ||   149
         Headbutt          |    12 |     7 |    23 |    90 |   201 |   199 |   303 |   364 |   334 ||  1533
         Punch             |     1 |       |       |     2 |     3 |       |       |       |       ||     6
         War axe           |       |    18 |   125 |   415 |   741 |   252 |       |       |     4 ||  1555
         Broad axe         |       |       |       |       |       |   395 |   775 |   884 |   682 ||  2736
 Invoke: Berserk           |       |     2 |     7 |    17 |    16 |    10 |     4 |     9 |    11 ||    76
         Trog's Hand       |       |       |     3 |    14 |     7 |    14 |     4 |    18 |    28 ||    88
         Brothers in Arms  |       |       |       |       |     1 |     5 |     2 |     2 |     7 ||    17
  Evoke: Wand              |       |       |       |       |     1 |       |       |     1 |       ||     2
         Lightning rod     |       |       |       |       |     1 |     2 |     1 |       |     1 ||     5
         Box of beasts     |       |       |       |       |       |     1 |       |       |     1 ||     2
         Tin of tremorston |       |       |       |       |       |       |       |       |     1 ||     1
    Use: Scroll            |       |       |     5 |     4 |    12 |     6 |     6 |     5 |    16 ||    54
         Potion            |       |       |       |     3 |     7 |     4 |     2 |     4 |    35 ||    55
   Stab: Sleeping          |     1 |       |       |       |       |       |       |       |       ||     1
         Distracted        |       |       |       |       |       |     2 |     5 |     9 |    17 ||    33
         Petrified         |       |       |       |       |       |       |       |     3 |       ||     3
         Petrifying        |       |       |       |       |       |       |       |     1 |     2 ||     3
         Invisible         |       |       |       |       |       |       |       |       |     4 ||     4
 Armour: Animal skin       |     6 |       |       |       |       |       |       |       |       ||     6
         Chain mail        |    26 |    36 |    79 |    51 |       |       |       |       |       ||   192
         Ice dragon scales |       |       |       |    79 |    14 |       |       |       |       ||    93
         Plate armour      |       |       |       |       |   356 |   173 |       |       |       ||   529
         Gold dragon scale |       |       |       |       |       |    21 |   118 |   195 |   169 ||   503
  Dodge: Dodged            |    52 |    45 |    69 |   254 |   515 |   300 |   122 |   125 |   141 ||  1623
         Repelled          |       |       |       |       |       |    16 |    14 |    10 |    16 ||    56
  Block: Buckler           |       |       |       |       |   132 |       |       |       |       ||   132
         Tower shield      |       |       |       |       |   151 |   612 |   639 |   742 |   703 ||  2847
Riposte: War axe           |       |       |       |       |       |    50 |       |       |     2 ||    52
         Broad axe         |       |       |       |       |       |   107 |   186 |   239 |   230 ||   762
